 Dungeon Crawl Stone Soup version 0.27.1-3-gb3d3a73c9e (webtiles) character file.

Game seed: 16807956880816535789

5684 Elvor the Thaumaturge (level 10, -2/60 HPs)
             Began as a Deep Elf Conjurer on Oct 7, 2021.
             Was a Believer of Vehumet.
             Killed by divine providence
             ... invoked by an orc priest
              (11 damage)
             ... on level 9 of the Dungeon.
             The game lasted 01:36:27 (7077 turns).

Elvor the Thaumaturge (Deep Elf Conjurer)           Turns: 7077, Time: 01:36:27

Health: -2/60      AC: 10    Str: 15    XL:     10   Next: 47%
Magic:  18/35      EV: 11    Int: 38    God:    Vehumet [**....]
Gold:   568        SH:  3    Dex: 13    Spells: 19/30 levels left

rFire    x x .     SeeInvis .   J - +3 dagger
rCold    + . .     Faith    .   l - +0 buckler
rNeg     . . .     Spirit   .   s - +1 ring mail of Suufargh {rF- Str+9 Int+5}
rPois    +         Reflect  .   C - +1 helmet
rElec    +         Harm     .   (no cloak)
rCorr    .         Rampage  .   x - +0 pair of gloves
Will     +....                  (no boots)
Stlth    +++.......             (no amulet)
HPRegen  0.20/turn              u - +6 ring of intelligence
MPRegen  0.24/turn              O - ring of Xom's Flight of Fancy {Ice rElec rPois MP+9 Str+2 Stlth+}

@: studying Necromancy
A: no striking features
a: Renounce Religion


You were on level 9 of the Dungeon.
You worshipped Vehumet.
Vehumet was pleased with you.
You visited 2 branches of the dungeon, and saw 10 of its levels.
You also visited: Sewer.

You collected 568 gold pieces.

Inventory:

Hand Weapons
 o - a +1 vorpal hunting sling
 J - a +3 dagger (weapon)
 L - a +3 long sword
 R - a +0 short sword of venom
 T - the +8 mace "Beetle's Funeral" {protect, Fly Str+8 Dex-3}
   (You found it on level 8 of the Dungeon)

   It grants its wielder temporary protection when it strikes (+7 to AC).
   Str:       It affects your strength (+8).
   Dex:       It affects your dexterity (-3).
   Fly:       It grants you flight.
Missiles
 d - 331 stones
 e - 33 poisoned darts
 g - 2 curare-tipped darts
 r - 6 boomerangs
 t - 136 sling bullets
 I - 8 datura-tipped darts
 P - 2 throwing nets
Armour
 l - a +0 buckler (worn)
 s - the +1 ring mail of Suufargh (worn) {rF- Str+9 Int+5}
   (You found it on level 4 of the Dungeon)

   Str:       It affects your strength (+9).
   Int:       It affects your intelligence (+5).
   rF:        It makes you vulnerable to fire.
 x - a +0 pair of gloves (worn)
 C - a +1 helmet (worn)
 K - the +0 plate armour "Umelacs" {rN++}
   (You found it on level 6 of the Dungeon)

   rN:        It greatly protects you from negative energy.
 N - the +3 ring mail "Kuasel" {rN+ Int+2}
   (You took it off a gnoll sergeant on level 6 of the Dungeon)

   Int:       It affects your intelligence (+2).
   rN:        It protects you from negative energy.
 S - a +0 leather armour of willpower
 U - +0 acid dragon scales
Jewellery
 b - a ring of fire
 u - a +6 ring of intelligence (left hand)
 O - the ring of Xom's Flight of Fancy (right hand) {Ice rElec rPois MP+9 Str+2 Stlth+}
   (You took it off a gnoll on level 6 of the Dungeon)

   [ring of ice]

   It enhances your ice magic.
   Str:       It affects your strength (+2).
   rF:        It makes you vulnerable to fire.
   rC:        It protects you from cold.
   rElec:     It insulates you from electricity.
   rPois:     It protects you from poison.
   MP:        It affects your magic capacity (+9).
   Stlth:     It makes you more stealthy.
 Q - a ring of wizardry
Wands
 m - a wand of mindburst (10)
 v - a wand of flame (14)
 y - a wand of digging (4)
 z - a wand of paralysis (2)
 H - a wand of iceblast (7)
 M - a wand of polymorph (3)
Scrolls
 a - 4 scrolls of enchant weapon
 c - 5 scrolls of noise
 f - a scroll of fear {unknown}
 j - a scroll of enchant armour {unknown}
 B - 4 scrolls of teleportation
 F - 4 scrolls of fog
Potions
 h - a potion of attraction
 i - a potion of resistance {unknown}
 k - a potion of invisibility {unknown}
 n - 2 potions of cancellation
 p - 3 potions of magic
 q - 2 potions of berserk rage {unknown}
 w - 3 potions of lignification {unknown}
 A - 2 potions of degeneration {unknown}
 D - 2 potions of haste {unknown}
 E - 3 potions of mutation
 G - 3 potions of heal wounds


   Skills:
 * Level 5.6 Fighting
 + Level 1.5 Short Blades
 + Level 1.9 Throwing
 + Level 4.6 Armour
 + Level 4.4 Dodging
 + Level 4.6 Stealth
 + Level 0.7 Shields
 + Level 10.5 Spellcasting
 + Level 9.7 Conjurations
 + Level 2.2 Earth Magic
 + Level 2.5 Evocations


You had 19 spell levels left.
You knew the following spells:

 Your Spells              Type           Power      Damage    Failure   Level
a - Magic Dart            Conj           100%       1d8       1%          1
b - Searing Ray           Conj           100%       3d7       1%          2
c - Iskenderun's Mystic   Conj/Tloc      55%        2d12      7%          4
d - Sandblast             Erth           74%        2d16      2%          1
e - Vampiric Draining     Necr           10%        2d7       16%         3

Your spell library contained the following spells:

 Spells                   Type           Power      Damage    Failure   Level
 Conjure Flame            Conj/Fire      55%        6-21      2%          3
 Dazzling Flash           Conj/Hex       100%       N/A       2%          3
 Animate Skeleton         Necr           40%        N/A       5%          1
 Pain                     Necr           80%        1d8       5%          1
 Fulminant Prism          Conj/Hex       27%        3d14      7%          4
 Sticky Flame             Conj/Fire      55%        2d7       7%          4
 Corpse Rot               Necr/Air       N/A        N/A       9%          2
 Poisonous Vapours        Pois/Air       40%        N/A       9%          2
 Gell's Gravitas          Tloc           10%        N/A       16%         3
 Ignite Poison            Fire/Tmut/Pois 20%        N/A       16%         3
 Lesser Beckoning         Tloc           10%        N/A       16%         3
 Ozocubu's Armour         Ice            30%        N/A       16%         3
 Teleport Other           Tloc           20%        N/A       16%         3
 Freezing Cloud           Conj/Ice/Air   30%        6-21      36%         5
 Ozocubu's Refrigeration  Ice            15%        4d8       100%        7


Dungeon Overview and Level Annotations

Branches:
Dungeon (9/15)             Temple (1/1) D:6           Sewer (visited)
   Lair: D:8-11         Orc: D:9-12

Altars:
Ashenzari
Cheibriados
Dithmenos
Elyvilon
Fedhas
Gozag
Hepliaklqana
Kikubaaqudgha
Makhleb
Nemelex Xobeh
Okawaru
Qazlal
Ru
Sif Muna
Trog
Uskayaw
Vehumet
Wu Jian
Xom
Yredelemnul
Zin
The Shining One


Message History

The mass of ice explodes!
The iceblast engulfs the wight.
The wight partially resists.
The wight is moderately damaged.
The iceblast engulfs the necrophage!
The necrophage partially resists.
The necrophage is moderately damaged.
The iceblast engulfs the wight!
The wight partially resists.
The wight is heavily damaged.
The orc warrior shouts!
Aiming: Iceblast
Press: ? - help, Shift-Dir - straight line, f - necrophage, p - wight
Aim: a necrophage (moderately damaged)
The mass of ice explodes!
The iceblast engulfs the wight!
The wight partially resists.
The wight is severely damaged.
The iceblast engulfs the necrophage!
The necrophage partially resists.
The necrophage is severely damaged.
The iceblast engulfs the mummy!
The mummy partially resists.
The mummy is almost destroyed.
The orc priest calls down the wrath of Beogh upon you.
Beogh smites you!
Aiming: Iceblast
Press: ? - help, Shift-Dir - straight line, p - necrophage The mass of ice explodes!
The iceblast engulfs the necrophage!
The necrophage partially resists.
You destroy the necrophage!
Vehumet accepts your kill.
You feel your power returning.
The iceblast engulfs the wight!
The wight partially resists.
You destroy the wight!
Vehumet accepts your kill.
The iceblast engulfs the wight!
The wight partially resists.
You destroy the wight!
Vehumet accepts your kill.
You feel your power returning.
The orc priest mumbles some strange prayers to Beogh against you.
Beogh smites you!
* * * LOW HITPOINT WARNING * * *
The orc priest calls down the wrath of Beogh upon you.
Beogh smites you!
You die...

#).# #..........#
#..# #..........##
#..####............
#..............<...
#................##
#..#####..#####..#
#..# #..# #..# #..#
#..# #.@# #... #..#
#... #.)# #....
#.†M #.o.. #...MM
#oo...# ...zo..
........


You could see an orc warrior, 2 mummies, a wight, 2 orc priests and an orc.

Vanquished Creatures
  Pikel (D:4)
  The ghost of DoubleLucky the Summoner, a novice TeSu (D:6)
  6 yaks
  A steam dragon (D:7)
  A wyvern (D:7)
  An acid dragon (D:8)
  2 sky beasts
  A black bear (D:7)
  A necrophage (D:9)
  2 ogres
  3 centaurs
  A lemure (D:4)
  2 phantoms (D:5)
  6 kobold brigands
  2 bullfrogs
  2 gnoll sergeants (D:6)
  3 scorpions (D:5)
  A water moccasin skeleton (D:5)
  7 killer bees (D:7)
  12 wights
  A bullfrog zombie (D:6)
  A bullfrog skeleton (D:7)
  4 jellies
  4 orc priests
  2 centaur skeletons
  2 gnoll shamans
  Ijyb (D:3)
  9 orc wizards
  A hound skeleton (D:4)
  2 howler monkey zombies
  23 gnolls
  5 adders
  A shadow imp (D:3)
  A white imp (D:7)
  3 ufetubi
  An adder skeleton (D:4)
  3 worms
  2 dart slugs (D:1)
  45 orcs
  7 ball pythons
  13 bats
  8 endoplasms
  4 giant cockroaches
  35 goblins
  30 hobgoblins
  8 jackals
  21 kobolds
  A quokka (D:1)
  9 frilled lizards
  6 rats
309 creatures vanquished.

Vanquished Creatures (others)
  A fungus (Sewer)
  9 plants
  A withered plant (D:9)
11 creatures vanquished.

Grand Total: 320 creatures vanquished

Notes
Turn   | Place    | Note
-------+----------+-------------------------------------------
     0 | D:1      | Elvor the Deep Elf Conjurer began the quest for the Orb.
     0 | D:1      | Reached XP level 1. HP: 10/10 MP: 6/6
   192 | D:1      | Reached XP level 2. HP: 15/15 MP: 2/8
   195 | D:1      | Learned a level 2 spell: Searing Ray
   234 | D:1      | Reached skill level 5 in Conjurations
   260 | D:1      | Reached XP level 3. HP: 20/20 MP: 3/9
   829 | D:2      | Reached skill level 1 in Fighting
   834 | D:2      | Reached XP level 4. HP: 25/25 MP: 1/10
  1489 | D:3      | Reached XP level 5. HP: 26/29 MP: 1/12
  1614 | D:3      | Found a faded altar of an unknown god.
  1617 | D:3      | Reached skill level 4 in Spellcasting
  1693 | D:3      | Noticed an ogre
  1718 | D:3      | Killed an ogre
  1719 | D:3      | Reached skill level 1 in Armour
  1719 | D:3      | Reached XP level 6. HP: 32/35 MP: 8/15
  1743 | D:3      | Found a glowing golden altar of the Shining One.
  1746 | D:3      | Found a stormy altar of Qazlal.
  1807 | D:3      | Found a hide-covered altar of Uskayaw.
  1808 | D:3      | Noticed Ijyb
  1867 | D:3      | Reached skill level 5 in Spellcasting
  2057 | D:4      | Identified the +1 ring mail of Suufargh {rF- Str+9 Int+5}
  2064 | D:4      | Learned a level 4 spell: Iskenderun's Mystic Blast
  2415 | D:4      | Found a hazy altar of Hepliaklqana.
  2554 | D:4      | Noticed Pikel
  2562 | D:4      | Killed Pikel
  2563 | D:4      | Reached skill level 6 in Spellcasting
  2563 | D:4      | Reached XP level 7. HP: 40/40 MP: 8/18
  2750 | D:3      | Paralysed by Ijyb for 3 turns
  2755 | D:3      | Killed Ijyb
  2777 | D:5      | Entered Level 5 of the Dungeon
  2797 | D:5      | Found a glowing drain.
  2806 | Sewer    | Entered a sewer
  2836 | Sewer    | Reached skill level 1 in Evocations
  2843 | Sewer    | Reached XP level 8. HP: 35/46 MP: 7/20
  3155 | D:5      | Reached skill level 7 in Spellcasting
  3975 | D:5      | Reached XP level 9. HP: 52/52 MP: 15/22
  3985 | D:5      | Reached skill level 8 in Spellcasting
  4410 | D:6      | Identified the +0 plate armour "Umelacs" {rN++}
  4515 | D:6      | Reached skill level 1 in Short Blades
  4541 | D:6      | Found a shadowy altar of Dithmenos.
  4541 | D:6      | Found a snail-covered altar of Cheibriados.
  4541 | D:6      | Found a glowing silver altar of Zin.
  4543 | D:6      | Found a white marble altar of Elyvilon.
  4959 | D:6      | Found a staircase to the Ecumenical Temple.
  4965 | Temple   | Entered the Ecumenical Temple
  4976 | Temple   | Became a worshipper of Vehumet
  5088 | D:6      | Identified the +3 ring mail "Kuasel" {rN+ Int+2}
  5091 | D:6      | Found a transporter.
  5091 | D:6      | Found a transporter.
  5226 | D:6      | Noticed DoubleLucky's ghost (novice TeSu)
  5227 | D:6      | Identified the ring of Xom's Flight of Fancy {Ice rElec
                  | rPois MP+9 Str+2 Stlth+}
  5238 | D:6      | Killed DoubleLucky's ghost
  5239 | D:6      | Reached skill level 1 in Throwing
  5241 | D:6      | Reached skill level 9 in Spellcasting
  5490 | D:7      | Reached skill level 5 in Fighting
  5698 | D:7      | Found a shimmering blue altar of Sif Muna.
  5701 | D:7      | Reached * piety under Vehumet
  5701 | D:7      | Offered knowledge of Foxfire by Vehumet.
  6059 | D:7      | Reached XP level 10. HP: 59/59 MP: 25/25
  6668 | D:8      | Identified the +8 mace "Beetle's Funeral" {protect, Fly
                  | Str+8 Dex-3}
  6734 | D:8      | Offered knowledge of Sandblast by Vehumet.
  6737 | D:8      | Learned a level 1 spell: Sandblast
  6856 | D:8      | Reached ** piety under Vehumet
  6866 | D:8      | Reached skill level 1 in Earth Magic
  6976 | D:9      | Reached skill level 10 in Spellcasting
  7023 | D:9      | Learned a level 3 spell: Vampiric Draining
  7077 | D:9      | Killed from afar by an orc priest

Illustrated notes

Levels and vault maps discovered:
D:1:      saegor_arrival_miasma, layout_basic
D:2:      layout_rooms
D:3:      layout_basic, nicolae_overflow_hidden_temple, serial_bayou,
          serial_bayou_shore_a, serial_bayou_pond_a, serial_bayou_pond_a,
          serial_bayou_lagoon_a, shapermc_ecumenical_altar_venn, uniq_ijyb
D:4:      layout_basic, mainiacjoe_overflow_paths, nrook_mini_backslash,
          minmay_misc_feat_diagonals, uniq_pikel
D:5:      minmay_goblin_kobold_castle, layout_basic,
          cheibrodos_sewer_entry_sluice, enter_ossuary_1
D:6:      layout_loops_corners, chequers_temple_overflow_statue_of_worship,
          temple_green, gammafunk_ghost_gnarly_gnolls
D:7:      layout_basic, mainiacjoe_overflow_small_starburst, eino_jars
D:8:      layout_loops_cross, nrook_uturn
D:9:      layout_small_grid, serial_shops, shop_statue, serial_undead,
          serial_undead_c, serial_undead_b, serial_undead_c, serial_undead_a,
          uniq_gastronok
Temple:   dshaligram_water_room_temple

Skill      XL: |  1  2  3  4  5  6  7  8  9 10 |
---------------+-------------------------------+-----
Conjurations   | 5 6 7 9 |  9.7
Fighting       | 1 2 3 4 5 |  5.6
Stealth        | 3 4 |  4.6
Spellcasting   | 4 6 7 9 10 | 10.5
Armour         | 1 2 3 4 |  4.6
Dodging        | 3 4 |  4.4
Evocations     | 1 2 |  2.5
Short Blades   | 1 |  1.5
Throwing       | 1 |  1.9
Earth Magic    | 2 |  2.2
Shields        | |  0.7

Action                   |  1- 3 |  4- 6 |  7- 9 | 10-12 || total
-------------------------+-------+-------+-------+-------++-------
Melee: Dagger            |     3 |       |       |       ||     3
       Unarmed           |     1 |       |       |       ||     1
       Short sword       |       |     3 |    32 |       ||    35
Throw: Stone             |       |       |     5 |       ||     5
       Dart              |       |       |     7 |     5 ||    12
       Throwing net      |       |       |     1 |     1 ||     2
 Cast: Magic Dart        |    60 |    51 |   108 |    11 ||   230
       Searing Ray       |     6 |    23 |    70 |    26 ||   125
       Iskenderun's Myst |       |       |     2 |       ||     2
       Sandblast         |       |       |       |    17 ||    17
       Vampiric Draining |       |       |       |     1 ||     1
Evoke: Wand              |       |     6 |    13 |     4 ||    23
  Use: Potion            |       |       |     5 |       ||     5
       Scroll            |       |       |     4 |     2 ||     6
Armor: Leather armour    |     2 |     4 |       |       ||     6
       Ring mail         |       |     1 |    38 |     5 ||    44
Dodge: Dodged            |     8 |    10 |    61 |    21 ||   100
Block: Buckler           |       |     3 |    14 |     3 ||    20
